 Dungeon Crawl Stone Soup version 0.31-a0-631-g285b096dc4 (webtiles) character file.

Game seed: 3059285517140581745

3089 javelincjr the Mimic (level 9, -1/85 HPs)
             Began as a Troll Shapeshifter on Aug 25, 2023.
             Was an Elder of Lugonu.
             Killed by the air
             ... invoked by Gastronok
              (14 damage)
             ... on level 8 of the Dungeon.
             The game lasted 00:36:52 (5220 turns).

javelincjr the Mimic (Troll Shapeshifter)           Turns: 5220, Time: 00:36:53

Health: -1/85      AC:  8    Str: 27    XL:     9   Next: 59%
Magic:  11/11      EV: 11    Int:  6    God:    Lugonu [****..]
Gold:   492        SH:  0    Dex: 16    Spells: 8/8 levels left

rFire   . . .        k - melded +3 quarterstaff (chaos)
rCold   . . .        (shield currently unavailable)
rNeg    + . .        R - +0 acid dragon scales
rPois   .            (helmet restricted)
rElec   .            (no cloak)
rCorr   +            (gloves unavailable)
SInv    .            (boots unavailable)
Will    .....        o - amulet of magic regeneration
Stlth   +            w - ring of positive energy
HPRegen 1.14/turn    M - +6 ring of dexterity
MPRegen 0.52/turn

%: no passive effects
@: flux-form, glowing
A: glow, contaminating, large, unfitting armour, claws 3, regeneration 1, shaggy
fur 1, tough skin 1
a: Begin Untransformation, Renounce Religion, Depart the Abyss, Banish, Corrupt


You were on level 8 of the Dungeon.
You worshipped Lugonu.
Lugonu was greatly pleased with you.
You were something dangerously unstable.
You visited 1 branch of the dungeon, and saw 8 of its levels.
You visited the Abyss 1 time.

You collected 492 gold pieces.

Inventory:

Hand Weapons
 e - a +1 heavy hand axe
 k - a +3 quarterstaff of chaos (melded)
 m - a +3 hammer of pain
 C - a +0 vampiric hand axe
 J - a +3 hand axe
 O - a +0 flail of draining
 Q - a +0 morningstar of flaming
Missiles
 f - 5 javelins
 i - 9 poisoned darts (quivered)
 z - 5 atropa-tipped darts
 E - a curare-tipped dart
 N - 2 throwing nets
Armour
 a - a +0 animal skin
 l - a +0 cloak
 L - +0 steam dragon scales
 R - +0 acid dragon scales (worn)
Jewellery
 o - an amulet of magic regeneration (around neck)
 w - a ring of positive energy (left claw)
 H - a ring of fire
 M - a +6 ring of dexterity (right claw)
Talismans
 c - a beast talisman
 d - a flux talisman (active)
Wands
 y - a wand of flame (1)
 A - a wand of digging (3)
 K - a wand of iceblast (13)
 S - a wand of light (7)
Scrolls
 h - a scroll of acquirement {unknown}
 n - a scroll of blinking {unknown}
 q - 2 scrolls of noise {unknown}
 r - 2 scrolls of revelation {unknown}
 x - 2 scrolls of teleportation {unknown}
 B - 2 scrolls of enchant armour {unknown}
 D - 2 scrolls of identify
 F - a scroll of vulnerability {unknown}
 G - 2 scrolls of butterflies {unknown}
 P - a scroll of fear {unknown}
Potions
 b - a potion of lignification
 g - 4 potions of brilliance
 j - 3 potions of heal wounds {unknown}
 p - 2 potions of magic
 s - a potion of enlightenment {unknown}
 t - 5 potions of curing
 u - a potion of berserk rage {unknown}
 v - 2 potions of mutation {unknown}
 I - 2 potions of ambrosia {unknown}


   Skills:
 + Level 4.5 Fighting
 + Level 4.9 Dodging
 + Level 6.2 Unarmed Combat
 + Level 4.3 Invocations
 * Level 8.0 Shapeshifting


You had 8 spell levels left.
You didn't know any spells.
Your spell library contained the following spells:

 Spells                   Type           Power      Damage    Failure   Level
 Freeze                   Ice            0%         1d3       52%         1
 Kiss of Death            Conj/Necr      0%         2d5       52%         1
 Ensorcelled Hibernation  Hex/Ice        0%         N/A       67%         2
 Sublimation of Blood     Necr           0%         N/A       67%         2
 Confusing Touch          Hex            0%         N/A       88%         3
 Frozen Ramparts          Ice            0%         1d1       88%         3
 Hailstorm                Conj/Ice       0%         3d3       88%         3
 Anguish                  Hex/Necr       0%         N/A       99%         4
 Dispel Undead            Necr           0%         3d6       99%         4
 Petrify                  Tmut/Erth      0%         N/A       99%         4
 Irradiate                Conj/Tmut      0%         3d11      100%        5


Dungeon Overview and Level Annotations

Branches:
Dungeon (8/15)             Temple (0/1) D:5
   Lair: D:8-11

Altars:
Cheibriados
Fedhas
Gozag
Kikubaaqudgha
Makhleb
Okawaru
Uskayaw
Vehumet
Xom

Shops:
D:5 :   D:7 ?

Annotations:
D:8 Gastronok


Innate Abilities, Weirdness & Mutations

You are something dangerously unstable.
You glow with magical radiation, making you easy to see and hit.
Foes you strike become dangerously contaminated with magical radiation.
You are incapable of wielding weapons or throwing items.
You are too large for most types of armour.
You have claws for hands.
Your natural rate of healing is unusually fast.
You are covered in fur. (AC +1)
You have tough skin. (AC +1)


Message History

You claw Gastronok!
Gastronok begins to glow.
Gastronok is heavily wounded.
Gastronok bites you!
* * * LOW HITPOINT WARNING * * *
You scratch Gastronok.
Gastronok glows dangerously bright.
Gastronok is heavily wounded.
You claw Gastronok!
Gastronok shudders as magic cascades through him!
Gastronok twists and deforms.
Gastronok is severely wounded.
You scratch Gastronok.
Gastronok begins to glow.
Gastronok is severely wounded.
You feel a sudden urge to swivel your nonexistent eyestalks around.
You claw Gastronok!
Gastronok glows dangerously bright.
Gastronok is severely wounded.
You scratch Gastronok.
Gastronok shudders as magic cascades through him.
Gastronok twists and deforms.
Gastronok is almost dead.
Gastronok waves his eye-stalks in wide circles.
The air twists around and strikes you!
* * * LOW HITPOINT WARNING * * *
You scratch Gastronok.
Gastronok begins to glow.
Gastronok is almost dead.
You scratch Gastronok.
Gastronok glows dangerously bright.
Gastronok is almost dead.
Gastronok mumbles some strange words.
Gastronok puts on a burst of speed!
You claw Gastronok!
Gastronok shudders as magic cascades through him.
Gastronok twists and deforms.
Gastronok is almost dead.
You scratch Gastronok but do no damage.
Gastronok begins to glow.
Gastronok is almost dead.
You scratch Gastronok.
Gastronok glows dangerously bright.
Gastronok is almost dead.
Gastronok waves his eye-stalks in wide circles.
The air twists around and strikes you!
You die...
Gastronok gurgles, "About time.
I'm starving!"

##.####>....<.......
#.###.........##.##
#.#..............
#.#....###..#.####
#..........###.
###....##.## #.
#.#.##.## #.
#.#.###.## ## #.#.#
##B# #.#.# #.#w# #.
#.# #.# ... ... ..#
### #.. #. #


You could see Gastronok (swift, heavy contam, misshapen).

Vanquished Creatures
  The ghost of Newt the Trooper, a novice DsGl of Gozag (D:7)
  Maggie (D:7)
  A wyvern (D:7)
  A steam dragon (D:7)
  A water moccasin (D:8)
  An ice beast (D:7)
  A centaur (D:7)
  An ogre (D:6)
  3 kobold brigands
  2 bullfrogs (D:7)
  A gnoll sergeant (D:8)
  4 scorpions
  2 electric eels (D:7)
  A crimson imp (D:5)
  2 jellies
  2 gnoll boudas
  An orc priest (D:7)
  Crazy Yiuf (D:2)
  3 hounds
  Terence (D:2)
  6 iguanas
  Robin (D:3)
  7 adders
  15 gnolls
  2 shadow imps
  A white imp (D:3)
  An ufetubus (D:7)
  2 dart slugs
  2 worms (D:2)
  18 orcs
  5 bats
  6 endoplasms
  6 giant cockroaches
  9 goblins (D:3)
  7 hobgoblins
  2 jackals (D:4)
  4 quokkas
  6 ball pythons
  16 frilled lizards
  15 kobolds
  9 rats
  A rat zombie (D:4)
172 creatures vanquished.

Vanquished Creatures (others)
  A gnoll zombie (D:4)
  A frilled lizard zombie (D:6)
2 creatures vanquished.

Grand Total: 174 creatures vanquished

Notes
Turn   | Place    | Note
-------+----------+-------------------------------------------
     0 | D:1      | javelincjr the Troll Shapeshifter began the quest for the
                  | Orb.
     0 | D:1      | Reached XP level 1. HP: 18/18 MP: 0/0
    43 | D:1      | Reached skill level 1 in Fighting
    51 | D:1      | Reached XP level 2. HP: 27/27 MP: 1/1
   244 | D:1      | Reached XP level 3. HP: 33/33 MP: 2/2
   510 | D:2      | Found a runed translucent door.
   510 | D:2      | Noticed Crazy Yiuf
   511 | Abyss:1  | Found a runed translucent door.
   511 | Abyss:1  | Cast into level 1 of the Abyss (Crazy Yiuf)
   527 | Abyss:1  | Found a corrupted altar of Lugonu.
   538 | Abyss:1  | Became a worshipper of Lugonu the Unformed
   538 | Abyss:1  | Reached * piety under Lugonu
   538 | Abyss:1  | Reached ** piety under Lugonu
   541 | D:2      | Escaped the Abyss
   542 | D:2      | Killed Crazy Yiuf
   643 | D:2      | Reached XP level 4. HP: 41/41 MP: 3/3
   720 | D:2      | Noticed Terence
   727 | D:2      | Killed Terence
  1031 | D:3      | Reached skill level 4 in Shapeshifting
  1062 | D:3      | Found a snail-covered altar of Cheibriados.
  1211 | D:3      | Noticed Robin
  1235 | D:3      | Reached XP level 5. HP: 44/49 MP: 4/4
  1239 | D:3      | Killed Robin
  1695 | D:4      | Reached XP level 6. HP: 40/57 MP: 5/5
  1737 | D:4      | Found an ancient bone altar of Kikubaaqudgha.
  1842 | D:4      | Identified the +1 pair of gloves of Gupink Vijuy {rPois rC-
                  | rN+++ Will-}
  1875 | D:4      | Reached skill level 1 in Invocations
  2095 | D:5      | Entered Level 5 of the Dungeon
  2103 | D:5      | Reached *** piety under Lugonu
  2253 | D:5      | Found a shimmering altar of Xom.
  2295 | D:5      | Reached skill level 5 in Shapeshifting
  2330 | D:5      | Found Veecal's Self-Improvement Boutique.
  2372 | D:5      | Found a burning altar of Makhleb.
  2373 | D:5      | Found a radiant altar of Vehumet.
  2387 | D:5      | Reached XP level 7. HP: 59/66 MP: 7/7
  2548 | D:5      | Found a staircase to the Ecumenical Temple.
  3233 | D:6      | Found an iron altar of Okawaru.
  3236 | D:6      | Found an opulent altar of Gozag.
  3564 | D:7      | Found a blossoming altar of Fedhas.
  3590 | D:7      | Reached XP level 8. HP: 69/75 MP: 8/8
  3620 | D:7      | Found Nitaoz's Magic Scroll Shoppe.
  3655 | D:7      | Reached skill level 6 in Shapeshifting
  3671 | D:7      | Reached skill level 5 in Unarmed Combat
  3801 | D:7      | Reached **** piety under Lugonu
  4060 | D:7      | HP: 3/78 [steam dragon (2)]
  4226 | D:7      | Reached skill level 7 in Shapeshifting
  4282 | D:7      | Noticed Maggie
  4293 | D:7      | Killed Maggie
  4294 | D:7      | Reached XP level 9. HP: 46/84 MP: 10/10
  4501 | D:7      | Found a runed translucent door.
  4501 | D:7      | Noticed Newt's ghost (novice DsGl)
  4545 | D:7      | Found a hide-covered altar of Uskayaw.
  4985 | D:7      | Killed Newt's ghost
  5151 | D:8      | Reached skill level 8 in Shapeshifting
  5198 | D:8      | Noticed Gastronok
  5220 | D:8      | Killed from afar by Gastronok

Illustrated notes

Levels and vault maps discovered:
D:1:      co_arrival_square_in_a_square_in_a_square, layout_rooms, moated_statue
D:2:      layout_rooms, kennysheep_nondescript, grunt_ministairs_11,
          uniq_terence, uniq_crazy_yiuf_cottage
D:3:      layout_loops_ring, lemuel_coloured_pillars_altar, uniq_robin
D:4:      layout_basic, lemuel_zombie_altar_kikubaaqudgha
D:5:      layout_cave_pods, grunt_temple_overflow_lords_of_destruction,
          mainiacjoe_overflow_surrounded_room, minmay_temple_entry_waves,
          nicolae_shop_self_help
D:6:      layout_cave_pools, nicolae_overflow_squiral, minmay_lizard_king
D:7:      layout_basic, mainiacjoe_overflow_24_doors, fedhas_ov_isle_minmay,
          gammafunk_ghost_grave, serial_shops, nicolae_diamond_shop,
          minivault_14, minmay_quadrilaterals, uniq_maggie
D:8:      layout_loops_ring, mainiacjoe_overflow_cross_hatched, uniq_gastronok

Skill      XL: |  1  2  3  4  5  6  7  8  9 |
---------------+----------------------------+-----
Fighting       | 1 2 3 4 |  4.5
Dodging        | 2 3 4 |  4.9
Shapeshifting  | 4 5 7 8 |  8.0
Unarmed Combat | 4 5 6 |  6.2
Invocations    | 1 2 3 4 |  4.3

Action                     |  1- 3 |  4- 6 |  7- 9 || total
---------------------------+-------+-------+-------++-------
  Melee: Hand axe          |    64 |       |       ||    64
         Quarterstaff      |     7 |   165 |   167 ||   339
         Unarmed           |       |       |    58 ||    58
  Throw: Dart              |       |       |     6 ||     6
 Invoke: Depart the Abyss  |     1 |       |       ||     1
    Use: Scroll            |       |       |     3 ||     3
         Potion            |       |       |     1 ||     1
   Stab: Confused          |       |       |     1 ||     1
 Armour: Animal skin       |    39 |    57 |    42 ||   138
         Steam dragon scal |       |       |     6 ||     6
         Acid dragon scale |       |       |     6 ||     6
  Dodge: Dodged            |    62 |    94 |   123 ||   279
   Form: Flux              |       |       |     1 ||     1

Table legend: (Time is in decaauts)
 A = Elapsed time spent in this place.
 B = Non-inter-level travel time spent in this place.
 C = Inter-level travel time spent in this place.
 D = Time resting spent in this place.
 E = Time spent auto-exploring this place.
 F = Levels seen in this place.
 G = Mean time per level.
                   A        B        C        D        E       F      G
               +--------+--------+--------+--------+--------+-----+--------+
         Total |   5371 |   5260 |    111 |     17 |   3775 |   9 |  596.8 |
       Dungeon |   5340 |   5229 |    111 |     17 |   3775 |   8 |  667.5 |
         Abyss |     30 |     30 |      0 |      0 |      0 |   1 |   30.0 |
               +--------+--------+--------+--------+--------+-----+--------+

Top non-repeatable levels by time:
     D:7: 1538 daAuts
     D:5: 967 daAuts
     D:3: 790 daAuts
     D:6: 497 daAuts
     D:4: 482 daAuts
     D:1: 449 daAuts
     D:2: 443 daAuts
     D:8: 170 daAuts
 Abyss:1: 30 daAuts
